 Dungeon Crawl Stone Soup version 0.30-a0-269-gf0224bf7b6 (webtiles) character file.

Game seed: 16100447100966558209

14975 Sobieck the Summoner (level 12, -1/101 (131) HPs)
             Began as an Ogre Summoner on Oct 14, 2022.
             Was an Elder of Ashenzari.
             Slain by a spectral orc warrior
             ... wielding a +0 glaive
             ... summoned by Nergalle
              (3 damage)
             ... on level 11 of the Dungeon.
             The game lasted 00:41:08 (15662 turns).

Sobieck the Summoner (Ogre Summoner)               Turns: 15662, Time: 00:41:09

HP:   -1/101 (131)  AC: 18    Str: 15    XL:     12   Next: 22%
MP:   24/27         EV:  8    Int: 23    God:    Ashenzari [****..]
Gold: 551           SH:  7    Dex:  9    Spells: 20/33 levels left

rFire   + . .      SeeInvis +    t - +2 dagger "Share My Seeker" {elec, short, Self, Melee} (curse)
rCold   . . .      Faith    .    F - +0 kite shield "Soothsayer of Ashenzari" {Fort, Bglg} (curse)
rNeg    . . .      Spirit   .    T - +4 swamp dragon scales of Curses and Power {rPois, Elem, Self} (curse)
rPois   +          Reflect  .    e - +2 hat of Ashenzari's Dismay {Int+3, Range, Comp} (curse)
rElec   .          Harm     .    l - +1 cloak of Ashenzari's Urgency {Cun, Bglg} (curse)
rCorr   .          Rampage  .    (gloves unavailable)
Will    +....      Clarity  +    (boots unavailable)
Stlth   ++........               (no amulet)
HPRegen 0.36/turn                s - ring of protection from fire
MPRegen 0.20/turn                y - ring of wizardry

@: heavily drained
A: large, unfitting armour, tough skin 1
a: Renounce Religion, Shatter the Chains


You were on level 11 of the Dungeon.
You worshipped Ashenzari.
Ashenzari was greatly pleased with you.
You visited 2 branches of the dungeon, and saw 12 of its levels.
You also visited: Sewer and Ossuary.

You collected 551 gold pieces.


Innate Abilities, Weirdness & Mutations

You are too large for most types of armour.
You have tough skin. (AC +1)


   Skills:
 + Level 8.7(11.7) Fighting
 - Level 4.0(5.8) Armour
 - Level 4.0(5.8) Dodging
 - Level 3.8(5.6) Stealth
 + Level 2.3(3.9) Shields
 - Level 8.0(11.0) Spellcasting
 - Level 2.0(4.1) Hexes
 + Level 12.6(14.5) Summonings
 - Level 6.0(7.9) Air Magic


You had 20 spell levels left.
You knew the following spells:

 Your Spells              Type           Power      Damage    Failure   Level
a - Call Canine Familiar  Summ           68%        N/A       1%          3
b - Summon Guardian Gole  Hex/Summ       54%        N/A       1%          3
c - Summon Lightning Spi  Summ/Air       59%        N/A       1%          4
d - Call Imp              Summ           68%        N/A       1%          2
e - Summon Small Mammal   Summ           100%       N/A       1%          1

Your spell library contained the following spells:

 Spells                   Type           Power      Damage    Failure   Level
 Iskenderun's Battlesphe  Conj           14%        2d7       87%         5
 Fireball                 Conj/Fire      7%         3d5       88%         5
 Conjure Ball Lightning   Conj/Air       15%        3x3d6     90%         6
 Orb of Destruction       Conj           7%         9d6       100%        7

Inventory:

Hand Weapons
 c - a +0 vorpal spear {polearm}
   (You found it on level 1 of the Dungeon)
 o - a +0 antimagic flail {mace}
   (You found it on level 2 of the Dungeon)
 r - a +1 hand axe of flaming {axe}
   (You found it on level 2 of the Dungeon)
 t - the cursed +2 dagger "Share My Seeker" (weapon) {elec, short, Self, Melee}
   (You took it off Maurice on level 8 of the Dungeon)

   It occasionally discharges a powerful burst of electricity upon striking a
   foe.
   It has a curse which improves the following skills: Introspection: Fighting
   and Spellcasting.
   Melee Combat: Short Blades, Long Blades, Axes, Maces & Flails, Polearms,
   Staves and Unarmed Combat.
 u - a +1 dagger of electrocution {short}
   (You took it off a goblin on level 3 of the Dungeon)
 v - a +0 hand axe {axe}
   (You found it on level 8 of the Dungeon)
 w - the +10 sling of Misery {flame, *Slow Dex+6}
   (You found it on level 5 of the Dungeon)

   Any ammunition fired from it burns those it strikes, dealing additional fire
   damage.
   Dex:       It affects your dexterity (+6).
   *Slow:     It may slow you when you take damage.
 x - a +0 falchion {long}
   (You found it on level 8 of the Dungeon)
 L - a +3 dagger {short}
   (You took it off a wight on level 9 of the Dungeon)
 S - a +4 rapier of protection {short}
   (You took it off Eustachio on level 6 of the Dungeon)
 U - a +1 war axe of flaming {axe}
   (You took it off Maggie on level 6 of the Dungeon)
Missiles
 f - 37 poisoned darts {throwing}
 h - a throwing net {=f!fthrowing}
 G - 8 boomerangs {throwing}
Armour
 e - the cursed +2 hat of Ashenzari's Dismay (worn) {Int+3, Range, Comp}
   (You acquired it on level 3 of the Dungeon)

   Int:       It affects your intelligence (+3).
   It has a curse which improves the following skills: Ranged Combat: Ranged
   Weapons and Throwing.
   Companions: Summonings and Necromancy.
 l - the cursed +1 cloak of Ashenzari's Urgency (worn) {Cun, Bglg}
   (You found it on level 2 of the Dungeon)

   It has a curse which improves the following skills: Cunning: Dodging and
   Stealth.
   Beguiling: Conjurations, Hexes and Translocations.
 F - the cursed +0 kite shield "Soothsayer of Ashenzari" (worn) {Fort, Bglg}
   (You took it off a gnoll sergeant on level 9 of the Dungeon)

   It has a curse which improves the following skills: Fortitude: Armour and
   Shields.
   Beguiling: Conjurations, Hexes and Translocations.
 T - the cursed +4 swamp dragon scales of Curses and Power (worn) {rPois, Elem, Self}
   (You took it off Maggie on level 6 of the Dungeon)

   rPois:     It protects you from poison.
   It has a curse which improves the following skills: Elements: Fire Magic, Ice
   Magic, Air Magic and Earth Magic.
   Introspection: Fighting and Spellcasting.
Magical Staves
 k - a staff of conjuration {!a@e2staff}
   (You found it on level 2 of the Dungeon)
 M - a staff of earth {!astaff}
   (You found it on level 5 of the Dungeon)
 Y - a staff of conjuration {!a@e2staff}
   (You found it on level 9 of the Dungeon)
Jewellery
 a - a ring of ice
   (You found it on level 7 of the Dungeon)
 q - a ring of positive energy
   (You found it on level 8 of the Dungeon)
 s - a ring of protection from fire (left hand)
   (You found it on level 2 of the Dungeon)
 y - a ring of wizardry (right hand)
   (You took it off a kobold on level 3 of the Dungeon)
 N - a ring of flight
   (You found it on level 5 of the Dungeon)
 P - a ring of poison resistance
   (You found it on level 5 of the Dungeon)
 V - a +6 ring of strength
   (You found it on level 9 of the Dungeon)
 W - a ring of protection from cold
   (You found it on level 9 of the Dungeon)
Wands
 A - a wand of flame (18)
   (You found it on level 4 of the Dungeon)
 O - a wand of charming (4)
   (You found it on level 10 of the Dungeon)
Scrolls
 g - 3 scrolls of fear
 i - 3 scrolls of vulnerability {!r!r}
 C - a scroll of enchant weapon
 D - 2 scrolls of magic mapping {!r}
 J - 3 scrolls of teleportation {@r4}
 K - 2 scrolls of poison
 Q - a scroll of blinking {!r}
Potions
 b - 4 potions of magic
 d - 5 potions of curing {@q1}
 j - 3 potions of berserk rage {!q}
 m - 2 potions of ambrosia
 n - a potion of attraction {!q}
 p - a potion of haste {@q3}
 z - 2 potions of lignification {!q}
 B - 4 potions of brilliance
 E - 2 potions of cancellation
 H - a potion of invisibility
 I - 3 potions of heal wounds {@q2}
 R - 2 potions of mutation {!q}
 X - a potion of might
 Z - a potion of resistance

Dungeon Overview and Level Annotations

Branches:
Dungeon (11/15) Zot: 26416  Temple (1/1) D:4 Zot: 5568    Lair (0/5) D:9
  Sewer (visited)         Ossuary (visited)
    Orc: D:9-12

Altars:
Ashenzari
Cheibriados
Dithmenos
Elyvilon
Fedhas
Gozag
Hepliaklqana
Kikubaaqudgha
Makhleb
Nemelex Xobeh
Okawaru
Qazlal
Ru
Sif Muna
Trog
Uskayaw
Vehumet
Wu Jian
Xom
Yredelemnul
Zin
The Shining One

Shops:
D:9 *

Annotations:
D:11 Nergalle

#......# *, , ,,
,* *# ##.##### * *
**, * * #....# , *
####.# * * **
**##'## * * , ,,
,#...# * ##.# **
*,, *
#.#.####....., , *
,, *,
#.#.#9oZ.....,,,,*
, * ,* #.#8#@#*, ,
, , ,, ,, ,
#.#.#Z#* , , ,
######.#ZZZ#*,,,,,
* *, .$.......###
***** * *
##########


You could see Nergalle (ally target), 2 spectral orc warriors, 2 spectral orc
knights and a friendly guardian golem (summoned).


Message History

Orcish apparitions take form around you.
Your warg bites Nergalle.
Unknown command.
Nergalle barely misses your warg.
Your warg bites Nergalle but does no damage.
The spectral orc hits you with a +0 vampiric trident.
You feel drained.
Your warg closely misses Nergalle.
Nergalle gestures at you while chanting.
Orcish apparitions take form around you.
Your warg closely misses Nergalle.
The spectral orc hits you with a +0 vampiric trident.
You feel drained.
You hit the spectral orc but do no damage.
Nergalle hits your warg with a +0 dagger.
Your warg bites Nergalle.
The spectral orc warrior hits you but does no damage.
The spectral orc hits you but does no damage.
You block the spectral orc knight's attack.
Nergalle hits your warg but does no damage.
Unknown command.
You barely miss the spectral orc.
Your warg bites Nergalle!
The spectral orc hits you but does no damage.
The spectral orc warrior closely misses you.
The spectral orc knight hits you with a +3 battleaxe of draining.
You feel drained.
You feel drained. Nergalle closely misses your warg.
You hit the spectral orc.
Lightning courses through the spectral orc!
You destroy the spectral orc!
The spectral orc disappears in a puff of smoke!
Your warg bites Nergalle.
The spectral orc knight hits you with a +3 battleaxe of draining.
You feel drained.
You feel drained.
The spectral orc warrior hits you from afar with a +0 glaive!
Your warg barely misses Nergalle.
Nergalle points at you and mumbles some strange words.
The bolt of negative energy misses your warg.
The bolt of negative energy hits you!!
You feel drained.
* * * LOW HITPOINT WARNING * * *
The bolt of negative energy hits the spectral orc warrior.
The spectral orc warrior completely resists.
You hit the spectral orc warrior but do no damage.
Lightning courses through the spectral orc warrior!!
Your warg bites Nergalle.
The spectral orc knight hits you with a +3 battleaxe of draining!
* * * LOW HITPOINT WARNING * * *
You feel drained.
* * * LOW HITPOINT WARNING * * *
The spectral orc warrior hits you from afar with a +0 glaive.
* * * LOW HITPOINT WARNING * * *
The spectral orc warrior unwields a +0 arbalest.
You block the spectral orc warrior's attack.
Nergalle hits your warg with a +0 dagger.
You hit the spectral orc warrior but do no damage.
Your warg barely misses Nergalle.
The spectral orc knight hits you with a +3 battleaxe of draining!
* * * LOW HITPOINT WARNING * * *
You feel drained.
* * * LOW HITPOINT WARNING * * *
You block the spectral orc warrior's attack.
Nergalle hits your warg with a +0 dagger.
The spectral orc warrior hits you but does no damage.
Your warg bites Nergalle!
You barely miss the spectral orc knight.
Your warg closely misses Nergalle.
You block the spectral orc knight's attack.
The spectral orc warrior hits you from afar with a +0 glaive.
* * * LOW HITPOINT WARNING * * *
You feel drained.
* * * LOW HITPOINT WARNING * * *
Nergalle hits your warg with a +0 dagger.
The spectral orc warrior barely misses you.
You hit the spectral orc knight but do no damage.
Your warg bites Nergalle!
The spectral orc warrior barely misses you.
The spectral orc knight hits you but does no damage.
You feel drained. Nergalle closely misses your warg.
The spectral orc warrior hits you but does no damage.
Your warg closely misses Nergalle.
You swap places.
The spectral orc knight hits your warg with a +3 battleaxe of draining!!
Your warg dies!
Your warg's corpse disappears in a puff of smoke!
Nergalle barely misses your guardian golem.
The spectral orc knight hits you from afar with a +0 bardiche.
* * * LOW HITPOINT WARNING * * *
Unknown command.
You hit Nergalle but do no damage. Nergalle hits you but does no damage.
The spectral orc warrior hits you but does no damage.
The spectral orc knight hits you from afar with a +0 bardiche.
* * * LOW HITPOINT WARNING * * *
Unknown command.
You barely miss Nergalle.
The spectral orc warrior hits you from afar with a +0 glaive.
You die...

Skill      XL: |  1  2  3  4  5  6  7  8  9 10 11 12 |
---------------+-------------------------------------+-----
Fighting       | 1 2 3 4 7 8 |  8.7
Summonings     | 4 5 6 7 8 12 | 12.6
Spellcasting   | 4 5 7 8 |  8.0
Hexes          | 2 |  2.0
Air Magic      | 2 4 6 |  6.0
Dodging        | 3 4 |  4.0
Armour         | 2 4 |  4.0
Stealth        | 2 3 |  3.8
Shields        | 2 |  2.3

Action                   |  1- 3 |  4- 6 |  7- 9 | 10-12 || total
-------------------------+-------+-------+-------+-------++-------
Melee: Spear             |    52 |       |       |       ||    52
       Unarmed           |     4 |       |       |       ||     4
       Dagger            |     3 |    35 |       |    75 ||   113
       Scimitar          |       |    11 |    69 |    20 ||   100
 Cast: Summon Small Mamm |    44 |    16 |    14 |    34 ||   108
       Call Imp          |    15 |     8 |     9 |    17 ||    49
       Call Canine Famil |     1 |    16 |    41 |    39 ||    97
       Summon Guardian G |       |     8 |    35 |    39 ||    82
       Summon Lightning  |       |     3 |    25 |    39 ||    67
Invok: Curse Item        |       |       |       |     5 ||     5
  Use: Scroll            |       |     7 |     4 |    10 ||    21
       Potion            |       |       |     1 |       ||     1
 Stab: Sleeping          |     2 |       |       |     2 ||     4
       Distracted        |       |       |     1 |       ||     1
Armor: Robe              |    24 |    24 |    91 |       ||   139
       Swamp dragon scal |       |       |     1 |   101 ||   102
Dodge: Dodged            |    33 |    26 |    76 |    84 ||   219
Block: Kite shield       |       |       |       |    21 ||    21

Levels and vault maps discovered:
D:1:      mushboom_english_gardens, layout_loops_ring
D:2:      layout_rooms
D:3:      layout_basic, mainiacjoe_overflow_cross_hatched, uniq_robin,
          uniq_grinder
D:4:      layout_gridville, minmay_temple_entry_arrows, uniq_blork_the_orc,
          uniq_duvessa
D:5:      layout_basic, enter_ossuary_2, gup_sewer_entry_bowl
D:6:      cheibrodos_steamvent, layout_loops_ring, kennysheep_boxes,
          uniq_edmund, uniq_eustachio, uniq_maggie
D:7:      layout_cave_pools, serial_column_ruins, column_ruins_hut,
          column_ruins_columns_straight, column_ruins_open_small,
          column_ruins_corridor_corner, column_ruins_columns_straight,
          column_ruins_corridor_straight, column_ruins_grid_2,
          column_ruins_open_tiny
D:8:      layout_basic, uniq_maurice, uniq_erica
D:9:      layout_basic, nicolae_sif_muna_condensation, dpeg_lair_monsters,
          minmay_shop_damaged, minmay_radiant, uniq_pikel
D:10:     layout_loops_ring, hangedman_decor_clover_reticule, uniq_harold
D:11:     layout_roguey, grunt_dithmenos_smoke_and_mirrors, uniq_nergalle
Temple:   mainiacjoe_temple_big_plus

Notes
Turn   | Place    | Note
-------+----------+-------------------------------------------
     0 | D:1      | Sobieck the Ogre Summoner began the quest for the Orb.
     0 | D:1      | Reached XP level 1. HP: 16/16 MP: 3/3
   132 | D:1      | Reached skill level 1 in Fighting
   205 | D:1      | Reached XP level 2. HP: 27/27 MP: 3/5
   231 | D:1      | Learned a level 2 spell: Call Imp
   510 | D:1      | Reached skill level 2 in Fighting
   511 | D:1      | Reached skill level 4 in Summonings
   782 | D:1      | Reached XP level 3. HP: 30/35 MP: 1/6
  1846 | D:2      | Learned a level 3 spell: Call Canine Familiar
  1961 | D:2      | Reached skill level 3 in Fighting
  2209 | D:3      | Reached XP level 4. HP: 45/45 MP: 7/7
  2320 | D:3      | Noticed Grinder
  2627 | D:3      | Noticed Robin
  2633 | D:3      | Killed Robin
  2634 | D:3      | Reached skill level 5 in Summonings
  2810 | D:3      | Reached XP level 5. HP: 46/51 MP: 8/8
  2836 | D:3      | Found a sparkling altar of Nemelex Xobeh.
  3087 | D:3      | Killed Grinder
  3088 | D:3      | Reached skill level 4 in Spellcasting
  3088 | D:3      | Reached XP level 6. HP: 33/61 MP: 2/12
  3092 | D:3      | Learned a level 3 spell: Summon Guardian Golem
  3306 | D:3      | Identified a scroll of acquirement
  3306 | D:3      | Acquired the +2 hat of Vist {Int+3}
  3318 | D:3      | Learned a level 4 spell: Summon Lightning Spire
  3657 | D:4      | Noticed Blork the orc
  3681 | D:4      | Killed Blork the orc
  3682 | D:4      | Reached skill level 6 in Summonings
  3996 | D:4      | Found a staircase to the Ecumenical Temple.
  4003 | Temple   | Entered the Ecumenical Temple
  4412 | Temple   | Became a worshipper of Ashenzari the Shackled
  4918 | D:4      | Reached XP level 7. HP: 51/67 MP: 4/13
  5042 | D:4      | Noticed Duvessa
  5154 | D:4      | Noticed Dowan
  5169 | D:4      | Killed Duvessa
  5170 | D:4      | Reached skill level 7 in Summonings
  5176 | D:4      | Killed Dowan
  5419 | D:5      | Entered Level 5 of the Dungeon
  5451 | D:5      | Found a glowing drain.
  5497 | Sewer    | Entered a sewer
  5535 | Sewer    | Reached skill level 1 in Hexes
  5535 | Sewer    | Reached skill level 1 in Air Magic
  5551 | Sewer    | HP: 17/68 [poisoned by an adder]
  5555 | D:5      | HP: 7/68 [river rat (2)]
  5760 | D:5      | Found a sand-covered staircase.
  5767 | D:5      | Identified the +10 sling of Misery {flame, *Slow Dex+6}
  5803 | Ossuary  | Entered an ossuary
  5814 | Ossuary  | Reached skill level 4 in Fighting
  6053 | Ossuary  | Reached skill level 2 in Hexes
  6053 | Ossuary  | Reached skill level 2 in Air Magic
  6053 | Ossuary  | Reached XP level 8. HP: 79/79 MP: 0/14
  6244 | D:5      | Reached skill level 5 in Fighting
  6753 | D:5      | Reached skill level 3 in Air Magic
  6956 | D:5      | Reached skill level 6 in Fighting
  7434 | D:5      | Reached skill level 4 in Air Magic
  7698 | D:6      | Reached skill level 7 in Fighting
  7772 | D:6      | Identified the +1 ring mail of Limited Liability {Slay+2}
  7898 | D:6      | Noticed Eustachio
  7906 | D:6      | Killed Eustachio
  7907 | D:6      | Reached XP level 9. HP: 86/94 MP: 1/15
  8139 | D:6      | Reached skill level 8 in Fighting
  8139 | D:6      | Reached skill level 5 in Air Magic
  8661 | D:6      | Reached skill level 6 in Air Magic
  8843 | D:6      | Noticed Edmund
  8856 | D:6      | Killed Edmund
  8857 | D:6      | Reached skill level 2 in Dodging
  9011 | D:6      | Reached skill level 1 in Armour
  9013 | D:6      | Reached skill level 2 in Stealth
  9161 | D:6      | Noticed Maggie
  9193 | D:6      | Killed Maggie
  9693 | D:7      | Reached skill level 3 in Dodging
  9693 | D:7      | Reached skill level 5 in Spellcasting
  9694 | D:7      | Reached skill level 2 in Armour
  9777 | D:7      | Reached XP level 10. HP: 104/104 MP: 9/17
  9918 | D:7      | Reached skill level 3 in Stealth
 10009 | D:7      | Identified the +1 leather armour of the Black Moon {rC+}
 10546 | D:8      | Noticed Erica
 10604 | D:8      | Killed Erica
 10781 | D:8      | Reached skill level 3 in Armour
 11052 | D:8      | Reached skill level 4 in Dodging
 11169 | D:8      | Reached skill level 6 in Spellcasting
 11203 | D:8      | Reached skill level 8 in Summonings
 11457 | D:8      | Reached * piety under Ashenzari
 11603 | D:8      | Noticed Maurice
 11625 | D:8      | Killed Maurice
 12130 | D:9      | Noticed a kobold demonologist
 12139 | D:9      | Killed a kobold demonologist
 12140 | D:9      | Reached skill level 4 in Armour
 12298 | D:9      | Reached skill level 7 in Spellcasting
 12406 | D:9      | Found a staircase to the Lair.
 12414 | D:9      | Noticed Pikel
 12414 | D:9      | Noticed a death yak
 12416 | D:9      | Noticed a death yak
 12417 | D:9      | Noticed a death yak
 12578 | D:9      | Reached XP level 11. HP: 107/111 MP: 9/22
 12748 | D:8      | Reached ** piety under Ashenzari
 12787 | D:9      | Reached skill level 9 in Summonings
 12809 | D:9      | Killed a death yak
 12810 | D:9      | Reached skill level 8 in Spellcasting
 12810 | D:9      | Killed a death yak
 12812 | D:9      | Killed Pikel
 12813 | D:9      | Reached skill level 10 in Summonings
 12853 | D:9      | Killed a death yak
 13366 | D:9      | Noticed a centaur warrior
 13370 | D:9      | Noticed a purple ugly thing
 13383 | D:9      | Killed a purple ugly thing
 13384 | D:9      | Reached skill level 11 in Summonings
 13585 | D:9      | Found a shimmering blue altar of Sif Muna.
 13586 | D:9      | Found Uwnim's Lightly-Used Armoury.
 13621 | D:9      | Noticed a manticore
 13630 | D:9      | Killed a manticore
 13926 | D:9      | Killed a centaur warrior
 14070 | D:10     | Entered Level 10 of the Dungeon
 14070 | D:10     | Noticed Harold
 14076 | D:10     | Killed Harold
 14077 | D:10     | Reached skill level 12 in Summonings
 14424 | D:10     | Reached *** piety under Ashenzari
 14537 | D:10     | Reached XP level 12. HP: 103/124 MP: 15/25
 14742 | D:10     | You pick up a book of the Spheres and begin reading...
 14742 | D:10     | You add the spells Iskenderun's Battlesphere, Fireball,
                  | Conjure Ball Lightning and Orb of Destruction to your
                  | library.
 15023 | D:10     | Reached **** piety under Ashenzari
 15235 | D:11     | Reached skill level 1 in Shields
 15339 | D:11     | Found a shadowy altar of Dithmenos.
 15485 | D:11     | Reached skill level 2 in Shields
 15644 | D:11     | Noticed Nergalle
 15657 | D:11     | HP: 17/109 [spectral orc knight/+3 battleaxe of
                  | draining[Nergalle] (15)]
 15658 | D:11     | HP: 7/103 [spectral orc warrior/+0 glaive[Nergalle] (2)]
 15661 | D:11     | HP: 1/101 [spectral orc knight/+0 bardiche[Nergalle] (5)]
 15662 | D:11     | Slain by a spectral orc warrior

Vanquished Creatures
  A troll (D:9)
  A shadow (D:10)
  A yak (D:11)
  A wraith (D:11)
  An acid dragon (D:11)
  Duvessa (D:4)
  A sky beast (D:6)
  A centaur (D:5)
  2 bullfrogs
  A scorpion (D:5)
  A wight (D:8)
  A killer bee (D:9)
  A howler monkey (D:10)
  An iguana (D:6)
  An orc wizard (D:5)
  2 mummies (Ossuary)
  A gnoll (D:6)
  2 adders
  A river rat (D:5)
  A white imp (D:8)
  A worm (D:4)
  An orc (D:8)
  4 bats
  An endoplasm (D:4)
  A giant cockroach (D:5)
  3 hobgoblins
  4 kobolds
  3 quokkas
  A ball python (D:1)
  4 goblins
  A hobgoblin zombie (Ossuary)
  2 rats
49 creatures vanquished.

Vanquished Creatures (collateral kills)
  Harold (D:10)
  Erica (D:8)
  3 death yaks (D:9)
  Pikel (D:9)
  Maurice (D:8)
  Maggie (D:6)
  A kobold demonologist (D:9)
  An unseen horror (D:11)
  2 trolls
  A hornet (D:7)
  Grinder (D:3)
  2 wyverns
  2 wraiths (D:10)
  7 yaks
  Eustachio (D:6)
  3 steam dragons
  Edmund (D:6)
  3 orc warriors (D:10)
  A black bear (D:8)
  3 centaurs
  A kobold brigand (D:8)
  4 lemures (D:9)
  3 gnoll sergeants
  3 bullfrogs
  5 scorpions
  9 wights
  Dowan (D:4)
  12 killer bees
  A nameless horror (D:5)
  5 centaur zombies (Ossuary)
  6 howler monkeys
  4 hounds
  A jelly (D:5)
  4 orc priests
  2 iguanas
  2 orc wizards
  3 mummies (Ossuary)
  Robin (D:3)
  10 gnolls
  3 river rats
  7 adders
  A shadow imp (D:8)
  An ufetubus (D:4)
  2 dart slugs
  22 orcs
  4 endoplasms
  2 giant cockroaches (D:1)
  19 goblins
  5 hobgoblins
  2 jackals (D:2)
  11 kobolds
  2 quokkas (D:1)
  2 ball pythons
  A bat (D:3)
  3 frilled lizards
  3 hobgoblin zombies (Ossuary)
  7 rats
211 creatures vanquished.

Vanquished Creatures (others)
  A centaur warrior (D:9)
  An ugly thing (D:9)
  A manticore (D:9)
  4 yaks
  2 steam dragons (D:6)
  An orc warrior (D:5)
  Blork the orc (D:4)
  A wight (D:7)
  A howler monkey (D:9)
  A jelly (D:6)
  An adder (Sewer)
  A gnoll (D:6)
  17 plants (D:3)
33 creatures vanquished.

Grand Total: 293 creatures vanquished

Table legend:
 A = Non-vault XP
 B = Vault XP
 C = Vault XP percentage of total XP
 D = Non-vault monster count
 E = Vault monster count
 F = Vault count percentage of total count
                 A         B        C        D         E       F
            +---------+---------+-------+---------+---------+-------
      Total |   11909 |    9484 |  44.3 |     212 |      59 |  21.8
            +---------+---------+-------+---------+---------+-------
        D:1 |      45 |       0 |   0.0 |      28 |       0 |   0.0
        D:2 |      34 |       0 |   0.0 |      13 |       0 |   0.0
        D:3 |      59 |     299 |  83.5 |      19 |      13 |  40.6
        D:4 |     119 |     317 |  72.7 |       9 |       3 |  25.0
        D:5 |     677 |      30 |   4.2 |      16 |       4 |  20.0
        D:6 |     913 |    1348 |  59.6 |      17 |       6 |  26.1
        D:7 |     995 |       0 |   0.0 |      11 |       0 |   0.0
        D:8 |    1396 |    1321 |  48.6 |      32 |       3 |   8.6
        D:9 |    3768 |    4929 |  56.7 |      39 |       8 |  17.0
       D:10 |    1671 |     863 |  34.1 |      18 |       1 |   5.3
       D:11 |    2232 |       0 |   0.0 |      10 |       0 |   0.0
      Sewer |       0 |      45 | 100.0 |       0 |       7 | 100.0
    Ossuary |       0 |     332 | 100.0 |       0 |      14 | 100.0
            +---------+---------+-------+---------+---------+-------

Illustrated notes

Table legend:
 A = Kills in this place as a percentage of kills in entire the game.
 B = Kills by you in this place as a percentage of kills by you in the entire game.
 C = Kills by friends in this place as a percentage of kills by friends in the entire game.
 D = Other kills in this place as a percentage of other kills in the entire game.
 E = Experience gained in this place as a percentage of experience gained in the entire game.
 F = Experience gained in this place divided by the number of levels of this place that you have seen.
                   A       B       C       D       E      F
               +-------+-------+-------+-------+-------+----------------------
         Total | 100.0 | 100.0 | 100.0 | 100.0 | 100.0 | 1528.1
       Dungeon |  92.3 |  91.8 |  92.2 |  93.8 |  98.2 | 1910.5
         Sewer |   2.6 |   2.0 |   2.4 |   6.2 |   0.2 |  45.0
       Ossuary |   5.2 |   6.1 |   5.3 |   0.0 |   1.6 | 332.0
               +-------+-------+-------+-------+-------+----------------------

Table legend: (Time is in decaauts)
 A = Elapsed time spent in this place.
 B = Non-inter-level travel time spent in this place.
 C = Inter-level travel time spent in this place.
 D = Time resting spent in this place.
 E = Time spent auto-exploring this place.
 F = Levels seen in this place.
 G = Mean time per level.
                   A        B        C        D        E       F      G
               +--------+--------+--------+--------+--------+-----+--------+
         Total |  15746 |  15265 |    481 |   3092 |   9116 |  14 | 1124.7 |
       Dungeon |  14813 |  14354 |    459 |   2802 |   8692 |  11 | 1346.6 |
        Temple |    431 |    409 |     22 |      0 |    387 |   1 |  431.0 |
         Sewer |     79 |     79 |      0 |      0 |      0 |   1 |   79.0 |
       Ossuary |    421 |    421 |      0 |    290 |     37 |   1 |  421.0 |
               +--------+--------+--------+--------+--------+-----+--------+

Top non-repeatable levels by time:
     D:8: 2003 daAuts
     D:6: 1972 daAuts
     D:5: 1830 daAuts
     D:9: 1581 daAuts
     D:4: 1475 daAuts
     D:3: 1436 daAuts
     D:1: 1213 daAuts
    D:10: 1018 daAuts
     D:2: 872 daAuts
     D:7: 826 daAuts
    D:11: 582 daAuts
  Temple: 431 daAuts
 Ossuary: 421 daAuts
   Sewer: 79 daAuts
